AoeStats
← bkg45

Nomad

509167397Analyzed
4v4 RM · 6d ago on Sep 25, 2026· 42m 26s· 8 players
Game mode
Random Map
Map size
231×231
Population
200
Speed
Normal
Resources
Standard
Victory
Conquest
Starting age
Dark Age
Ending age
Imperial Age
RankedLock teamsTeams togetherTeam positionsShared explorationLock speedFull tech treeHidden civsTurbo modeCheats
Victory
Defeat
🇹🇷 Italians · Türkiye
1333
+15
🇺🇸 Varangians · United States
1317
+16
🇫🇷 Franks · France
1314
+16
🇩🇪 Portuguese · Germany
1265
+18
🇹🇷 Shu · Türkiye
1429
-21
🇹🇷 Berbers · Türkiye
1352
-18
🇹🇷 Italians · Türkiye
1348
-18
🇹🇷 Persians · Türkiye
1100
-8
差不多先生
14:23 Feudal Age
15:16 Double-Bit Axe
18:15 Castle Age
18:03 Scale Barding Armor
18:08 Forging
19:34 Chain Barding Armor
20:20 Wheelbarrow
22:27 Iron Casting
24:33 Husbandry
23:54 Light Cavalry
32:02 Loom
32:33 Hand Cart
32:03 Town Watch
34:46 Gold Mining
39:05 Imperial Age
37:18 Devotion
39:09 Cavalier
40:30 Plate Barding Armor
padde1000
4:48 Loom
13:08 Feudal Age
14:27 Double-Bit Axe
16:05 Fishing Lines
19:38 Castle Age
20:38 Medium Warships
23:57 Horse Collar
26:08 Wheelbarrow
25:19 Town Watch
26:18 Fletching
27:25 Bodkin Arrow
29:08 Bow Saw
28:59 Heavy Plow
29:17 Hand Cart
32:47 Imperial Age
30:36 Gold Mining
33:20 Gillnets
33:09 Elite Organ Gun
34:59 Chemistry
35:26 Ballistics
35:12 Siege Engineers
35:33 Masonry
42:19 Bracer
42:53 Architecture
Serkan the Tank
5:09 Loom
8:07 Loom
13:55 Feudal Age
14:41 Town Watch
14:51 Fishing Lines
18:31 Castle Age
19:57 Fletching
21:09 Wheelbarrow
21:02 Gold Mining
20:58 Double-Bit Axe
22:14 Bodkin Arrow
22:22 Padded Archer Armor
29:37 Ballistics
32:09 Stone Mining
34:57 Leather Archer Armor
35:50 Gillnets
36:21 Bow Saw
39:04 Horse Collar
44:34 Imperial Age
bkg45
4:44 Loom
14:14 Feudal Age
15:07 Double-Bit Axe
17:53 Castle Age
15:38 Fishing Lines
16:41 Horse Collar
18:53 Bow Saw
18:44 Heavy Plow
21:10 Town Watch
25:04 Wheelbarrow
26:20 Gold Mining
26:29 Stone Mining
32:18 Imperial Age
30:15 Scale Barding Armor
31:07 Forging
31:32 Chain Barding Armor
32:00 Stone Shaft Mining
32:32 Iron Casting
33:36 Plate Barding Armor
33:23 Conscription
32:33 Vendel Legacy
33:38 Bloodlines
33:29 Husbandry
34:43 Two-Man Saw
35:25 Blast Furnace
35:30 Elite Jarl
lord endarin
3:27 Loom
14:20 Feudal Age
15:13 Double-Bit Axe
18:03 Castle Age
16:51 Gold Mining
16:41 Horse Collar
17:11 Fletching
18:44 Bodkin Arrow
19:02 Bow Saw
18:47 Crossbowman
22:25 Padded Archer Armor
27:36 Ballistics
37:14 Fishing Lines
39:28 Leather Archer Armor
owinso
3:30 Loom
15:14 Feudal Age
16:44 Wheelbarrow
19:38 Castle Age
17:55 Double-Bit Axe
17:52 Horse Collar
18:17 Town Watch
24:54 Imperial Age
24:17 Hand Cart
24:04 Heavy Plow
24:14 Bow Saw
27:13 Gold Mining
27:36 Fletching
30:58 Forging
30:54 Scale Barding Armor
30:50 Scale Mail Armor
31:34 Husbandry
31:44 Bloodlines
33:19 Bodkin Arrow
35:29 Block Printing
37:09 Pikeman
37:50 Squires
38:58 Halberdier
40:40 Chain Mail Armor
noo
4:50 Loom
14:24 Feudal Age
16:51 Double-Bit Axe
16:47 Horse Collar
17:00 Gold Mining
21:19 Castle Age
30:21 Fletching
31:02 Bodkin Arrow
36:51 Imperial Age
34:08 Town Watch
36:50 Padded Archer Armor
37:39 Bracer
38:02 Ballistics
38:43 Chemistry
39:27 Wheelbarrow
38:37 Town Watch
39:16 Leather Archer Armor
39:23 Conscription
39:15 Forging
39:14 Scale Barding Armor
Ulean
4:32 Loom
6:30 Loom
14:20 Feudal Age
15:32 Double-Bit Axe
15:42 Fishing Lines
21:01 Castle Age
21:45 Gillnets
22:36 Bow Saw
22:52 Medium Warships
23:32 Wheelbarrow
25:37 Hand Cart
25:23 Stone Mining
25:15 Horse Collar
25:30 Gold Mining
27:32 Padded Archer Armor
27:22 Fletching
28:11 Gold Shaft Mining
28:11 Stone Shaft Mining
32:35 Imperial Age
30:37 Town Watch
32:22 Padded Archer Armor
32:17 Bodkin Arrow
32:45 Padded Archer Armor
33:43 Bracer
34:37 Leather Archer Armor
36:38 Ballistics
36:38 Thumb Ring
38:44 Chemistry
Connection lost

Rejoining the realm…

Still unreachable

The connection could not be restored.

Session expired

The server has moved on; the page needs a fresh start.